 Dungeon Crawl Stone Soup version 0.31-a0-1-g4198be8af4 (webtiles) character file.

Game seed: 5955035371479708817

274 DiggyJ the Ruffian (level 6, 0/52 HPs)
             Began as a Ghoul Monk on May 2, 2023.
             Was an Initiate of Gozag.
             Slain by an iron imp (3 damage)
             ... summoned by Eustachio
             ... on level 4 of the Dungeon.
             The game lasted 00:05:15 (2662 turns).

DiggyJ the Ruffian (Ghoul Monk)                     Turns: 2662, Time: 00:05:17

Health: 0/52       AC:  5    Str: 17    XL:     6   Next: 24%
Magic:  5/5        EV: 13    Int:  5    God:    Gozag
Gold:   248        SH:  0    Dex: 11    Spells: 5/5 levels left

rFire   . .          .
                       - Unarmed
rCold   + . .        c - orb {light}
rNeg    + + +        l - +2 robe {Will+}
rPois   ∞            (no helmet)
rElec   .            q - +0 cloak
rCorr   .            (no gloves)
SInv    .            (no boots)
Will    +....        (no amulet)
Stlth   +            (no ring)
HPRegen 0.00/turn    (no ring)
MPRegen 0.09/turn

%: no passive effects
@: inhibited regen, glowing
A: claws 1, cold resistance 1, negative energy resistance 3, inhibited
regeneration, torment resistance 2, devour on kill
a: Renounce Religion, Potion Petition, Call Merchant, Bribe Branch


You were on level 4 of the Dungeon.
You worshipped Gozag.
Gozag was aware of your devotion.
You visited 1 branch of the dungeon, and saw 4 of its levels.

You collected 248 gold pieces.

Inventory:

Armour
 a - a +0 robe
 c - an orb of light (worn)
 i - a +0 pair of gloves
 l - a +2 robe of willpower (worn)
 q - a +0 cloak (worn)
Magical Staves
 r - a staff of air
Jewellery
 k - a ring of fire
Scrolls
 f - 3 scrolls of teleportation {unknown}
 g - 6 scrolls of identify {unknown}
 h - 4 scrolls of fear {unknown}
 j - a scroll of immolation {unknown}
 n - a scroll of vulnerability {unknown}
 o - a scroll of fog {unknown}
 t - a scroll of noise {unknown}
 v - a scroll of blinking {unknown}
Potions
 d - 4 potions of lignification {unknown}
 e - a potion of cancellation {unknown}
 m - 2 potions of haste {unknown}
 p - 2 potions of curing {unknown}
 s - a potion of brilliance {unknown}
 u - a potion of flight {unknown}


   Skills:
 + Level 4.0 Fighting
 + Level 3.8 Dodging
 + Level 0.5 Stealth
 + Level 6.1 Unarmed Combat


You had 5 spell levels left.
You didn't know any spells.
Your spell library contained the following spells:

 Spells                   Type           Power      Damage    Failure   Level
 Foxfire                  Conj/Fire      0%         2x1d4     47%         1
 Shock                    Conj/Air       0%         1d3       47%         1
 Blink                    Tloc           0%         N/A       63%         2
 Swiftness                Air            0%         N/A       85%         3
 Airstrike                Air            0%         2d(0-16)  99%         4
 Manifold Assault         Tloc           0%         N/A       99%         4
 Passage of Golubria      Tloc           0%         N/A       99%         4
 Fireball                 Conj/Fire      0%         3d3       100%        5
 Silence                  Hex/Air        0%         N/A       100%        5
 Dispersal                Tloc           0%         N/A       100%        6
 Plasma Beam              Fire/Air       0%         2x1d11    100%        6
 Starburst                Conj/Fire      0%         6d3       100%        6
 Disjunction              Tloc           0%         N/A       100%        8
 Lehudib's Crystal Spear  Conj/Erth      0%         10d2      100%        8
 Storm Form               Tmut/Air       Unusable   N/A       N/A         7

Dungeon Overview and Level Annotations

Branches:
Dungeon (4/15)
 Temple: D:4-7

Altars:
Gozag
Hepliaklqana
Okawaru
Qazlal

Shops:
D:1 :

Annotations:
D:4 2 transporters, Eustachio


Innate Abilities, Weirdness & Mutations

You are immune to poison.
You have sharp fingernails.
Your flesh is cold resistant. (rC+)
You are immune to negative energy. (rN+++)
You do not regenerate when monsters are visible.
You are immune to unholy pain and torment.
You thrive by killing the living.


Message History

The ufetubus barely misses you. The ufetubus misses you.
You scratch the iron imp but do no damage.
The ufetubus misses you. The ufetubus closely misses you. x3
Eustachio hits you with a +0 rapier. The iron imp closely misses you.
The ufetubus barely misses you. x2; The ufetubus hits you.
The ufetubus completely misses you.
You scratch Eustachio.
Eustachio is severely wounded.
Eustachio asks, "How can you live without manners, virtues and honour?"
Eustachio closely misses you. The ufetubus barely misses you.
The ufetubus misses you. The ufetubus closely misses you.
The ufetubus barely misses you.
You barely miss Eustachio.
Eustachio is severely wounded.
The ufetubus barely misses you.
The ufetubus hits you but does no damage. x2
The ufetubus misses you. The iron imp completely misses you.
Eustachio closely misses you.
You closely miss Eustachio.
Eustachio is severely wounded.
You feel less invigorated.
You feel less confused.
The ufetubus hits you but does no damage.
The ufetubus hits you. The ufetubus closely misses you.
The ufetubus completely misses you. Eustachio hits you with a +0 rapier.
The iron imp hits you.
* * * LOW HITPOINT WARNING * * *
The ufetubus hits you.
* * * LOW HITPOINT WARNING * * *
The ufetubus hits you.
* * * LOW HITPOINT WARNING * * *
You scratch Eustachio but do no damage.
Eustachio is severely wounded.
The ufetubus barely misses you. The ufetubus closely misses you.
The ufetubus barely misses you. x2; Eustachio hits you with a +0 rapier!
* * * LOW HITPOINT WARNING * * *
The ufetubus barely misses you. The ufetubus closely misses you.
The iron imp hits you.
You die...
Your body crumbles into a pile of gold.

...#..........#
.#.>....#####.#
.#......# #.# .#......#
#.# .#.##...#####.######
###
.#......#........#.#....
.#####..#.####.#$.!.....
.#####..# #.#.!$5.......
###.....# #...$$@5......
..#.#...# #.#.#.5@......
.<#.....# #.#<..........
..###..## # #.##........
.......# #. .........
.#####.# ## .[.......
........# .#####...
######).# .. ### .# ..#


You could see Eustachio, an iron imp (summoned) and 2 ufetubi.

Vanquished Creatures
  An orc priest (D:3)
  Jessica (D:2)
  An iguana (D:4)
  Ijyb (D:4)
  Robin (D:3)
  6 adders
  2 worms (D:2)
  2 dart slugs
  4 orcs (D:3)
  4 bats
  8 endoplasms
  2 giant cockroaches
  19 goblins
  13 hobgoblins
  3 jackals (D:1)
  4 quokkas
  6 ball pythons
  A frilled lizard (D:1)
  6 kobolds
  4 rats
89 creatures vanquished.

Notes
Turn   | Place    | Note
-------+----------+-------------------------------------------
     0 | D:1      | DiggyJ the Ghoul Monk began the quest for the Orb.
     0 | D:1      | Reached XP level 1. HP: 19/19 MP: 0/0
    88 | D:1      | Reached XP level 2. HP: 26/26 MP: 1/1
   216 | D:1      | Found Wefut's Book Shop.
   721 | D:2      | Reached XP level 3. HP: 33/33 MP: 2/2
   811 | D:2      | Reached skill level 4 in Unarmed Combat
   851 | D:2      | Reached XP level 4. HP: 22/40 MP: 3/3
  1031 | D:2      | Noticed Jessica
  1047 | D:2      | Killed Jessica
  1128 | D:2      | Reached skill level 5 in Unarmed Combat
  1377 | D:3      | Found a stormy altar of Qazlal.
  1403 | D:3      | Reached XP level 5. HP: 41/46 MP: 4/4
  1562 | D:3      | Noticed Robin
  1585 | D:3      | Killed Robin
  1895 | D:3      | Found a hazy altar of Hepliaklqana.
  1903 | D:3      | Found an opulent altar of Gozag.
  1913 | D:3      | Became a worshipper of Gozag Ym Sagoz the Greedy
  2322 | D:4      | Found a transporter.
  2324 | D:4      | Found a transporter.
  2368 | D:4      | Reached XP level 6. HP: 37/52 MP: 5/5
  2550 | D:4      | Found an iron altar of Okawaru.
  2615 | D:4      | Noticed Ijyb
  2628 | D:4      | Killed Ijyb
  2629 | D:4      | Reached skill level 6 in Unarmed Combat
  2638 | D:4      | Noticed Eustachio
  2662 | D:4      | Slain by an iron imp

Illustrated notes

Levels and vault maps discovered:
D:1:      amcnicky_arrival_abandoned_market, layout_basic, serial_shops,
          nicolae_shop_advertising_works [nicolae_subvault_shop_adworks]
D:2:      layout_rooms, uniq_jessica
D:3:      layout_loops_ring, grunt_qazlal_clouds, minitemple, uniq_robin
D:4:      gammafunk_steamed_eel, layout_basic,
          mainiacjoe_overflow_surrounded_room, nicolae_tso_swordbearing_angel,
          minmay_temple_entry_poolview, nicolae_goblin_pals, uniq_eustachio

Skill      XL: |  1  2  3  4  5  6 |
---------------+-------------------+-----
Dodging        | 3 |  3.8
Unarmed Combat | 4 5 6 |  6.1
Fighting       | 4 |  4.0
Stealth        | |  0.5

Action                     |  1- 3 |  4- 6 || total
---------------------------+-------+-------++-------
  Melee: Unarmed           |    65 |   152 ||   217
    Use: Potion            |       |     3 ||     3
 Armour: Robe              |    11 |    52 ||    63
  Dodge: Dodged            |    38 |   166 ||   204

Table legend: (Time is in decaauts)
 A = Elapsed time spent in this place.
 B = Non-inter-level travel time spent in this place.
 C = Inter-level travel time spent in this place.
 D = Time resting spent in this place.
 E = Time spent auto-exploring this place.
 F = Levels seen in this place.
 G = Mean time per level.
                   A        B        C        D        E       F      G
               +--------+--------+--------+--------+--------+-----+--------+
         Total |   2650 |   2517 |    133 |     84 |   1816 |   4 |  662.5 |
       Dungeon |   2650 |   2517 |    133 |     84 |   1816 |   4 |  662.5 |
               +--------+--------+--------+--------+--------+-----+--------+

Top non-repeatable levels by time:
     D:3: 820 daAuts
     D:1: 713 daAuts
     D:2: 664 daAuts
     D:4: 452 daAuts
